 Dungeon Crawl Stone Soup version 0.28-a0-43-g560ac104fe (webtiles) character file.

Game seed: 448013447233784753

39 horus123 the Insei (level 3, -1/26 HPs)
             Began as a Demonspawn Transmuter on July 28, 2021.
             Was a Follower of Kikubaaqudgha.
             Slain by a worm (8 damage)
             ... on level 4 of the Dungeon.
             The game lasted 00:07:27 (1366 turns).

horus123 the Insei (Demonspawn Transmuter)          Turns: 1366, Time: 00:07:28

Health: -1/26      AC:  2    Str: 10    XL:     3   Next: 28%
Magic:  3/6        EV: 12    Int: 15    God:    Kikubaaqudgha [*.....]
Gold:   23         SH:  0    Dex: 13    Spells: 0/6 levels left

rFire   + . .      SeeInvis .     - Unarmed
rCold   . . .      Faith    .   (no shield)
rNeg    . . .      Spirit   .   a - +0 robe
rPois   .          Reflect  .   (helmet currently unavailable)
rElec   .          Harm     .   (no cloak)
rCorr   .          Rampage  .   (no gloves)
Will    .....                   (boots currently unavailable)
Stlth   +.........              (no amulet)
HPRegen 0.08/turn               c - ring of protection from fire
MPRegen 0.10/turn               (no ring)

@: appendages (expiring), very slightly contaminated
A: horns 2, talons 2, demonic magic 1
a: End Transformation, Renounce Religion, Receive Corpses


You were on level 4 of the Dungeon.
You worshipped Kikubaaqudgha.
Kikubaaqudgha was aware of your devotion.
You had temporarily grown beastly horns and talons.
You visited 1 branch of the dungeon, and saw 3 of its levels.

You collected 23 gold pieces.

Inventory:

Armour
 a - a +0 robe (worn)
Jewellery
 c - a ring of protection from fire (left hand)
Scrolls
 d - a scroll of identify


   Skills:
 + Level 1.1 Fighting
 + Level 2.0 Dodging
 + Level 0.2 Stealth
 + Level 3.3 Unarmed Combat
 + Level 2.3 Spellcasting
 + Level 2.1 Transmutations


You couldn't memorise any spells.
You knew the following spells:

 Your Spells              Type           Power      Damage    Failure   Level
a - Beastly Appendage     Tmut           16%        N/A       9%          1
b - Wereblood             Tmut           8%         N/A       13%         2
c - Slow                  Hex            1%         N/A       32%         2
d - Pain                  Necr           4%         1d4       22%         1

Your spell library contained the following spells:

 Spells                   Type           Power      Damage    Failure   Level
 Animate Skeleton         Necr           2%         N/A       22%         1
 Sublimation of Blood     Necr           0%         N/A       32%         2
 Spider Form              Tmut/Pois      2%         N/A       38%         3
 Confusing Touch          Hex            1%         N/A       54%         3
 Vampiric Draining        Necr           0%         2d6       54%         3
 Ice Form                 Ice/Tmut       5%         N/A       80%         4


Dungeon Overview and Level Annotations

Branches:
Dungeon (2/15)

Altars:
Kikubaaqudgha


Innate Abilities, Weirdness & Mutations

You have temporarily grown beastly horns and talons.
Spells you cast may paralyse adjacent enemies.


Message History

Items here: )) ††.
You completely miss the kobold. The kobold barely misses you.
You closely miss the kobold. The kobold closely misses you.
You barely miss the kobold. The kobold hits you with a +0 dagger.
You hit the kobold. Your punch misses the kobold.
The kobold is heavily wounded.
The kobold hits you with a +0 dagger.
* * * LOW HITPOINT WARNING * * *
Casting: Beastly Appendage (safe; 10% risk of failure)
Confirm with . or Enter, or press ? or * to list all spells.
You grow a pair of large bovine horns.
Your feet morph into talons.
Malevolent energies surge around you.
The kobold suddenly stops moving!
The helpless kobold fails to defend itself.
You hit the kobold.
The kobold is severely wounded.
The helpless kobold fails to defend itself.
You hit the kobold.
You kill the kobold!
Kikubaaqudgha accepts your kill.
You hit the worm. You headbutt the worm.
The worm is heavily wounded.
Your transformation is almost over.
The worm bites you.
* * * LOW HITPOINT WARNING * * *
You hit the worm. You headbutt the worm.
You kill the worm!
Kikubaaqudgha accepts your kill.
Casting: Beastly Appendage (safe; 9% risk of failure)
Confirm with . or Enter, or press ? or * to list all spells.
Aiming: Pain (safe; 22% risk of failure)
Press: ? - help, Shift-Dir - straight line, f - worm
Aim: a worm (chance to affect: 44%)
You miscast Pain.
You are very lightly contaminated with residual magic.
Nothing appears to happen.
You punch the worm!
The worm is heavily wounded.
The worm bites you!
You die...
Kikubaaqudgha rasps: "You have failed me!
Welcome... death!"

..##.>.............
....###.......(...
#..#............
#...........##.
##.#........# #
#........#
#)#.....#...
#w#..........
#@##.#.......
#.##...K###..
#.###..$# ... ....
#.. ####


You could see a worm.

Vanquished Creatures
  A worm (D:4)
  3 ball pythons (D:1)
  2 endoplasms
  A giant cockroach (D:1)
  4 goblins
  4 hobgoblins (D:1)
  4 jackals (D:1)
  4 kobolds
  A quokka (D:1)
  4 bats (D:1)
  2 frilled lizards
  3 rats
33 creatures vanquished.

Vanquished Creatures (others)
  4 plants (D:1)
  A withered plant (D:1)
5 creatures vanquished.

Grand Total: 38 creatures vanquished

Notes
Turn   | Place    | Note
-------+----------+-------------------------------------------
     0 | D:1      | horus123 the Demonspawn Transmuter began the quest for the
                  | Orb.
     0 | D:1      | Reached XP level 1. HP: 15/15 MP: 3/3
    77 | D:1      | Reached skill level 3 in Unarmed Combat
    79 | D:1      | Gained mutation: Spells you cast may paralyse adjacent
                  | enemies. [demonic ancestry]
    79 | D:1      | Reached XP level 2. HP: 19/21 MP: 1/5
   100 | D:1      | Found a faded altar of an unknown god.
   115 | D:1      | Learned a level 2 spell: Wereblood
   748 | D:1      | Learned a level 2 spell: Slow
   920 | D:1      | Reached XP level 3. HP: 24/26 MP: 4/6
  1132 | D:1      | Became a worshipper of Kikubaaqudgha
  1132 | D:1      | Reached * piety under Kikubaaqudgha
  1132 | D:1      | Received a gift from Kikubaaqudgha
  1135 | D:1      | Learned a level 1 spell: Pain
  1331 | D:2      | You fall into a shaft and drop 2 floors!
  1366 | D:4      | Slain by a worm

Illustrated notes

Levels and vault maps discovered:
D:1:      dpeg_arrival_water_temple_mockup, layout_basic,
          shapermc_ecumenical_altar_flowoftime, chequers_decorated_corner,
          kennysheep_nondescript
D:2:      layout_basic, serial_shops, shop
D:4:      layout_cave_pools, vehumet_crystals,
          nicolae_uskayaw_murder_on_the_dancefloor,
          minmay_temple_entry_gardened_gates, minmay_surrounded

Skill      XL: |  1  2 |
---------------+-------+-----
Unarmed Combat | 3 |  3.3
Transmutations | 2 |  2.1
Dodging        | 2 |  2.0
Fighting       | |  1.1
Stealth        | |  0.2
Spellcasting   | |  2.3

Action                   || total
-------------------------++-------
Melee: Unarmed           ||   116
       Kick              ||     9
       Headbutt          ||    10
       Punch             ||     2
 Cast: Beastly Appendage ||    18
       Wereblood         ||     1
       Pain              ||     7
  Use: Potion            ||     1
       Scroll            ||     1
 Stab: Paralysed         ||     5
Armor: Robe              ||    24
Dodge: Dodged            ||    63

Table legend: (Time is in decaauts)
 A = Elapsed time spent in this place.
 B = Non-inter-level travel time spent in this place.
 C = Inter-level travel time spent in this place.
 D = Time resting spent in this place.
 E = Time spent auto-exploring this place.
 F = Levels seen in this place.
 G = Mean time per level.
                   A        B        C        D        E       F      G
               +--------+--------+--------+--------+--------+-----+--------+
         Total |   1360 |   1339 |     21 |      0 |    976 |   3 |  453.3 |
       Dungeon |   1360 |   1339 |     21 |      0 |    976 |   3 |  453.3 |
               +--------+--------+--------+--------+--------+-----+--------+

Top non-repeatable levels by time:
     D:1: 1150 daAuts
     D:2: 175 daAuts
     D:4: 33 daAuts
